 Dungeon Crawl Stone Soup version 0.28-a0-537-g3bccd9ccbf (webtiles) character file.

Game seed: 15409347396990504166

771 omnomnOMINOUS the Skirmisher (level 7, -4/49 HPs)
             Began as an Octopode Wanderer on Sept 27, 2021.
             Was a Believer of Kikubaaqudgha.
             Slain by a scorpion (9 damage)
             ... on level 5 of the Dungeon.
             The game lasted 00:13:00 (6495 turns).

omnomnOMINOUS the Skirmisher (Octopode Wanderer)    Turns: 6495, Time: 00:13:03

Health: -4/49      AC:  1    Str:  9    XL:     7   Next: 83%
Magic:  7/13       EV: 14    Int: 19    God:    Kikubaaqudgha [**....]
Gold:   169        SH:  0    Dex: 13    Spells: 11/14 levels left

rFire   . . .      SeeInvis .   b - +2 shortbow
rCold   + . .      Faith    .   (shield currently unavailable)
rNeg    . . .      Spirit   .   (helmet restricted)
rPois   .          Reflect  .   p - amulet of the acrobat
rElec   .          Harm     .   m - ring of protection from cold
rCorr   .          Rampage  .   (no ring)
Will    .....                   (no ring)
Stlth   +++.......              (no ring)
HPRegen 0.00/turn               (no ring)
MPRegen 0.13/turn               (no ring)
                                (no ring)
                                (no ring)

@: lethally poisoned (-4 -> -19), attractive, very slightly contaminated,
inhibited regen
A: almost no armour, amphibious, 8 rings, camouflage 1, gelatinous body 1,
(nimble swimmer 1), tentacles, clever 1, inhibited regeneration
a: Renounce Religion, Receive Corpses


You were on level 5 of the Dungeon.
You worshipped Kikubaaqudgha.
Kikubaaqudgha was pleased with you.
You visited 1 branch of the dungeon, and saw 5 of its levels.

You collected 169 gold pieces.

Inventory:

Hand Weapons
 a - a +0 whip
 b - a +2 shortbow (weapon)
 n - a +0 war axe
Missiles
 g - 47 arrows (quivered ammo)
Jewellery
 m - a ring of protection from cold (left tentacle)
 p - an amulet of the acrobat (around mantle)
Scrolls
 d - a scroll of noise {unknown}
 e - a scroll of vulnerability {unknown}
 f - 2 scrolls of identify
 i - a scroll of enchant weapon {unknown}
 j - a scroll of fog {unknown}
 k - a scroll of blinking
 l - 3 scrolls of teleportation
 o - a scroll of enchant armour {unknown}
 r - a scroll of acquirement {unknown}
Potions
 h - 3 potions of flight


   Skills:
 + Level 4.7 Fighting
 - Level 3.0 Bows
 + Level 4.6 Dodging
 - Level 2.6 Stealth
 - Level 4.0 Spellcasting
 * Level 3.4 Necromancy
 - Level 1.2 Poison Magic


You had 11 spell levels left.
You knew the following spells:

 Your Spells              Type           Power      Damage    Failure   Level
a - Pain                  Necr           64%        1d7       3%          1
b - Corpse Rot            Necr/Air       N/A        N/A       11%         2

Your spell library contained the following spells:

 Spells                   Type           Power      Damage    Failure   Level
 Animate Skeleton         Necr           32%        N/A       3%          1
 Sublimation of Blood     Necr           8%         N/A       5%          2
 Vampiric Draining        Necr           8%         2d7       11%         3
 Dazzling Flash           Conj/Hex       6%         N/A       38%         3
 Agony                    Necr           16%        N/A       67%         5
 Silence                  Hex/Air        1%         N/A       98%         5


Dungeon Overview and Level Annotations

Branches:
Dungeon (5/15)             Temple (0/1) D:4

Altars:
Kikubaaqudgha
Zin


Innate Abilities, Weirdness & Mutations

You cannot wear most types of armour.
You are amphibious.
You can wear up to eight rings at the same time.
Your skin changes colour to match your surroundings (Stealth+).
Your rubbery body absorbs attacks. (AC +1, EV +1)
((You are camouflaged near water. (Stealth+)))
You have tentacles for arms and can constrict up to eight enemies at once.
Your mind is acute. (Int +2)
You do not regenerate when monsters are visible.


Message History

The scorpion struggles to resist.
The scorpion stings you.
You are poisoned.
The scorpion poisons you!
Casting: Pain (safe; 4% risk of failure)
Confirm with . or Enter, or press ? or * to list all spells.
Aiming: Pain (safe; 4% risk of failure)
Press: ? - help, Shift-Dir - straight line, f/p - scorpion
Aim: a scorpion (lightly wounded, chance to affect: 72%)
You miscast Pain.
You are very lightly contaminated with residual magic.
Nothing appears to happen.
You feel very sick. The scorpion misses you.
Casting: Pain (safe; 4% risk of failure)
Confirm with . or Enter, or press ? or * to list all spells.
Aiming: Pain (safe; 4% risk of failure)
Press: ? - help, Shift-Dir - straight line, f/p - scorpion
Aim: a scorpion (lightly wounded, chance to affect: 72%)
The scorpion struggles to resist.
You feel sick. The scorpion stings you.
Casting: Pain (safe; 4% risk of failure)
Confirm with . or Enter, or press ? or * to list all spells.
Aiming: Pain (safe; 4% risk of failure)
Press: ? - help, Shift-Dir - straight line, f/p - scorpion
Aim: a scorpion (lightly wounded, chance to affect: 72%)
The scorpion writhes in agony.
You feel sick. The scorpion stings you!
* * * LOW HITPOINT WARNING * * *
You are lethally poisoned!
The scorpion poisons you! The scorpion closely misses you.
It was a potion of attraction.
You feel attractive to monsters.
* * * LOW HITPOINT WARNING * * *
You feel very sick. The scorpion misses you.
It was a potion of mutation.
You feel extremely strange.
You feel clever.
Your regeneration stops near monsters.
* * * LOW HITPOINT WARNING * * *
You feel very sick. The scorpion stings you!
You die...
Kikubaaqudgha rasps: "You have failed me!
Welcome... death!"

##
###...########..
..# #.......#
#.## ###
#.##.##.# #.# # #
#.##.# #.# #
#.##.# # # #.##.#
# #.##.##.# #
#...s...# #
####@#### #..#
##.# #.#######
#......>#
#..####.# ###
#.....#.###.##
##.##.#.##...####
#...............


You could see a scorpion.

Vanquished Creatures
  A necrophage (D:4)
  2 ogres
  A bullfrog (D:4)
  2 scorpions
  A wyvern skeleton (D:5)
  A bullfrog zombie (D:5)
  An orc priest (D:4)
  An iguana (D:5)
  2 orc wizards
  2 adders
  A gnoll (D:3)
  A white imp (D:5)
  An adder skeleton (D:4)
  4 worms
  A dart slug (D:1)
  9 orcs
  5 bats
  4 endoplasms
  2 giant cockroaches (D:4)
  8 hobgoblins
  5 jackals
  4 quokkas
  4 ball pythons
  3 frilled lizards (D:1)
  13 goblins
  11 kobolds
  8 rats
98 creatures vanquished.

Notes
Turn   | Place    | Note
-------+----------+-------------------------------------------
     0 | D:1      | omnomnOMINOUS the Octopode Wanderer began the quest for the
                  | Orb.
     0 | D:1      | omnomnOMINOUS set off with the following items: a +2
                  | shortbow, 26 arrows, a potion of curing, a +0 dagger; and
                  | the following spells available to memorise: Corpse Rot,
                  | Sublimation of Blood
     0 | D:1      | Reached XP level 1. HP: 14/14 MP: 3/3
    22 | D:1      | Reached skill level 1 in Dodging
   124 | D:1      | Reached XP level 2. HP: 19/19 MP: 5/5
   543 | D:1      | Reached XP level 3. HP: 24/24 MP: 6/6
  1106 | D:2      | Reached XP level 4. HP: 20/30 MP: 7/7
  2138 | D:3      | Found a faded altar of an unknown god.
  2146 | D:3      | Became a worshipper of Kikubaaqudgha
  2146 | D:3      | Reached * piety under Kikubaaqudgha
  2146 | D:3      | Received a gift from Kikubaaqudgha
  2149 | D:3      | Learned a level 1 spell: Pain
  2198 | D:3      | Noticed an ice beast
  3420 | D:4      | Reached XP level 5. HP: 36/36 MP: 9/9
  3498 | D:4      | Found a glowing silver altar of Zin.
  3547 | D:4      | Noticed an ogre
  3552 | D:4      | Killed an ogre
  3553 | D:4      | Reached skill level 1 in Necromancy
  3644 | D:4      | Reached XP level 6. HP: 7/42 MP: 4/11
  3904 | D:4      | Found a staircase to the Ecumenical Temple.
  4114 | D:4      | HP: 2/43 [something (1)]
  5054 | D:5      | Entered Level 5 of the Dungeon
  5178 | D:5      | Noticed a necrophage
  5221 | D:5      | Reached XP level 7. HP: 5/48 MP: 12/12
  5223 | D:5      | HP: 2/48 [poisoned by a scorpion]
  5555 | D:5      | Learned a level 2 spell: Corpse Rot
  6130 | D:5      | Reached ** piety under Kikubaaqudgha
  6495 | D:5      | Gained mutation: Your mind is acute. (Int +2) [potion of
                  | mutation]
  6495 | D:5      | Gained mutation: You do not regenerate when monsters are
                  | visible. [potion of mutation]
  6495 | D:5      | Slain by a scorpion

Illustrated notes

Levels and vault maps discovered:
D:1:      lightli_arrival_boilingwater, layout_basic, serial_forest,
          infiniplex_forest_diagonal, infiniplex_forest_end_2,
          infiniplex_forest_clump_diagonal, infiniplex_forest_lined_1,
          infiniplex_forest_clump_small, infiniplex_forest_lined_room_2,
          minmay_octomino_e4
D:2:      layout_rooms
D:3:      layout_basic, shapermc_ecumenical_altar_mp_highgroup
D:4:      minmay_spotlight, layout_cave_pools, lemuel_tele_altar,
          minmay_temple_entry_poolview
D:5:      layout_loops_cross, kennysheep_generic_room_10

Skill      XL: |  1  2  3  4  5  6  7 |
---------------+----------------------+-----
Dodging        | 1 2 3 4 |  4.6
Fighting       | 3 4 |  4.7
Spellcasting   | 3 4 |  4.0
Necromancy     | 1 2 3 |  3.4
Bows           | |  3.0
Stealth        | |  2.6
Poison Magic   | |  1.2

Action                   |  1- 3 |  4- 6 |  7- 9 || total
-------------------------+-------+-------+-------++-------
Melee: Whip              |     9 |    65 |    13 ||    87
       Constrict         |     1 |    13 |     2 ||    16
       Tentacles         |       |    14 |     3 ||    17
 Fire: Shortbow          |    95 |   129 |    33 ||   257
 Cast: Pain              |       |     6 |     6 ||    12
  Use: Scroll            |       |     5 |       ||     5
       Potion            |       |     6 |     2 ||     8
 Stab: Sleeping          |       |     1 |     1 ||     2
Armor: Skin              |     3 |     5 |     2 ||    10
Dodge: Dodged            |    25 |    83 |    22 ||   130

Table legend: (Time is in decaauts)
 A = Elapsed time spent in this place.
 B = Non-inter-level travel time spent in this place.
 C = Inter-level travel time spent in this place.
 D = Time resting spent in this place.
 E = Time spent auto-exploring this place.
 F = Levels seen in this place.
 G = Mean time per level.
                   A        B        C        D        E       F      G
               +--------+--------+--------+--------+--------+-----+--------+
         Total |   6527 |   6382 |    145 |   1866 |   3353 |   5 | 1305.4 |
       Dungeon |   6527 |   6382 |    145 |   1866 |   3353 |   5 | 1305.4 |
               +--------+--------+--------+--------+--------+-----+--------+

Top non-repeatable levels by time:
     D:4: 2205 daAuts
     D:3: 1648 daAuts
     D:5: 1125 daAuts
     D:1: 863 daAuts
     D:2: 684 daAuts
